MID
HAGERSTOWN SUNS @ AUGUSTA GREENJACKETS
08/21/2047
 
TOP OF THE 1ST
Hagerstown Suns batting - Pitching for Augusta GreenJackets : RHP Pat Wiggins
Pitching: RHP Pat Wiggins
Batting: RHB Antonio Morado 0-0: Ball
1-0: Called Strike
1-1: Called Strike
1-2: Foul Ball, location: 2F
1-2: Fly out, F9 (Flyball, 9D, EV 83.1 MPH)
Batting: RHB Leo Gutierrez 0-0: Ball
1-0: Ball
2-0: Called Strike
2-1: Ball
3-1: Base on Balls
Batting: RHB Jesus Malave 0-0: Called Strike
0-1: Ball
1-1: Foul Ball, location: 2F
1-2: Strikes out swinging
Leo Gutierrez is caught stealing 2nd base 2-4
Batter strikes out.
Top of the 1st over - 0 runs, 0 hits, 0 errors, 0 left on base; Hagerstown 0 - Augusta 0
BOTTOM OF THE 1ST
Augusta GreenJackets batting - Pitching for Hagerstown Suns : RHP Luis Astudillo
Pitching: RHP Luis Astudillo
Batting: LHB Josh Straub 0-0: Ball
1-0: Called Strike
1-1: Foul Ball, location: 2F
1-2: Ground out 6-3 (Groundball, 6S, EV 85.0 MPH)
Batting: RHB Cesar Martinez 0-0: Foul Ball, location: 2F
0-1: Ball
1-1: SOLO HOME RUN (Line Drive, 7D, EV 99.4 MPH), Distance : 398 ft
Batting: LHB Cesar Arteaga 0-0: SINGLE (Line Drive, 7LS, EV 104.4 MPH)
Batting: LHB David Ramirez 0-0: Ball
Cesar Arteaga steals 2nd base
1-0: Called Strike
1-1: Foul Ball, location: 2F
1-2: Foul Ball, location: 2F
1-2: 2-RUN HOME RUN (Flyball, 89XD, EV 103.8 MPH), Distance : 418 ft
Batting: RHB Jonathan Reece 0-0: Ball
1-0: Foul Ball, location: 2F
1-1: Ground out 4-3 (Groundball, 4, EV 84.4 MPH)
Batting: RHB Matt Shepard 0-0: Called Strike
0-1: Foul Ball, location: 2F
0-2: Strikes out looking
Bottom of the 1st over - 3 runs, 3 hits, 0 errors, 0 left on base; Hagerstown 0 - Augusta 3
TOP OF THE 2ND
Hagerstown Suns batting - Pitching for Augusta GreenJackets : RHP Pat Wiggins
Batting: RHB Bryan Wheeler 0-0: Ball
1-0: Ball
2-0: Called Strike
2-1: DOUBLE (Flyball, 8LXD, EV 99.4 MPH)
Batting: RHB John Savard 0-0: Ball
1-0: Ground out 6-3 (Groundball, 56, EV 110.0 MPH)
Batting: RHB Tylor Cyr 0-0: Swinging Strike
0-1: Foul Ball, location: 2F
0-2: Strikes out looking
Batting: LHB Bobby Adams 0-0: Called Strike
0-1: Called Strike
0-2: Strikes out swinging
Top of the 2nd over - 0 runs, 1 hit, 0 errors, 1 left on base; Hagerstown 0 - Augusta 3
BOTTOM OF THE 2ND
Augusta GreenJackets batting - Pitching for Hagerstown Suns : RHP Luis Astudillo
Batting: LHB Ryan Anderson 0-0: Ball
1-0: Fly out, F8 (Flyball, 78M, EV 90.6 MPH)
Batting: RHB Jason Gregor 0-0: Ball
1-0: Ball
2-0: Ball
3-0: Called Strike
3-1: Foul Ball, location: 2F
3-2: Strikes out swinging
Batting: RHB Gabe Ochoa 0-0: Ground out 6-3 (Groundball, 56D, EV 83.1 MPH)
Bottom of the 2nd over - 0 runs, 0 hits, 0 errors, 0 left on base; Hagerstown 0 - Augusta 3
TOP OF THE 3RD
Hagerstown Suns batting - Pitching for Augusta GreenJackets : RHP Pat Wiggins
Batting: RHB Seth Rutz 0-0: Ball
1-0: Ground out 6-3 (Groundball, 6, EV 82.5 MPH)
Batting: LHB Adam Jacobs 0-0: Called Strike
0-1: Ground out 6-3 (Groundball, 6MS, EV 70.0 MPH)
Batting: RHB Antonio Morado 0-0: Called Strike
0-1: Ball
1-1: Fly out, F8 (Line Drive, 8LD, EV 94.4 MPH)
Top of the 3rd over - 0 runs, 0 hits, 0 errors, 0 left on base; Hagerstown 0 - Augusta 3
BOTTOM OF THE 3RD
Augusta GreenJackets batting - Pitching for Hagerstown Suns : RHP Luis Astudillo
Batting: LHB Josh Straub 0-0: Foul Ball, location: 2F
0-1: Ball
1-1: Called Strike
1-2: Ground out 6-3 (Groundball, 6, EV 98.1 MPH)
Batting: RHB Cesar Martinez 0-0: Swinging Strike
0-1: Called Strike
0-2: Strikes out looking
Batting: LHB Cesar Arteaga 0-0: Swinging Strike
0-1: Ground out 4-3 (Groundball, 4S, EV 67.5 MPH)
Bottom of the 3rd over - 0 runs, 0 hits, 0 errors, 0 left on base; Hagerstown 0 - Augusta 3
TOP OF THE 4TH
Hagerstown Suns batting - Pitching for Augusta GreenJackets : RHP Pat Wiggins
Batting: RHB Leo Gutierrez 0-0: Ball
1-0: Ground out 4-3 (Groundball, 4, EV 97.5 MPH)
Batting: RHB Jesus Malave 0-0: Called Strike
0-1: Swinging Strike
0-2: Ball
1-2: Ball
2-2: Ball
3-2: Foul Ball, location: 2F
3-2: Strikes out swinging
Batting: RHB Bryan Wheeler 0-0: Ball
1-0: Ball
2-0: Ball
3-0: Called Strike
3-1: Called Strike
3-2: Fly out, F8 (Flyball, 89D, EV 95.0 MPH)
Top of the 4th over - 0 runs, 0 hits, 0 errors, 0 left on base; Hagerstown 0 - Augusta 3
BOTTOM OF THE 4TH
Augusta GreenJackets batting - Pitching for Hagerstown Suns : RHP Luis Astudillo
Batting: LHB David Ramirez 0-0: Foul Ball, location: 2F
0-1: Foul Ball, location: 2F
0-2: Ball
1-2: Ball
2-2: Strikes out swinging
Batting: RHB Jonathan Reece 0-0: Ball
1-0: Ground out 1-3 (Groundball, 34S, EV 65.6 MPH)
Batting: RHB Matt Shepard 0-0: Foul Ball, location: 2F
0-1: Ball
1-1: Foul Ball, location: 2F
1-2: Strikes out looking
Bottom of the 4th over - 0 runs, 0 hits, 0 errors, 0 left on base; Hagerstown 0 - Augusta 3
TOP OF THE 5TH
Hagerstown Suns batting - Pitching for Augusta GreenJackets : RHP Pat Wiggins
Batting: RHB John Savard 0-0: Ball
1-0: Foul Ball, location: 2F
1-1: Ground out 6-3 (Groundball, 6S, EV 93.8 MPH)
Batting: RHB Tylor Cyr 0-0: Ball
1-0: SINGLE (Groundball, 6MD, EV 96.9 MPH)
Batting: LHB Bobby Adams 0-0: Called Strike
0-1: Ball
1-1: Foul Ball, location: 2F
1-2: Ball
2-2: Foul Ball, location: 2F
2-2: Foul Ball, location: 2F
2-2: Ball
3-2: Grounds into double play, 1-6-3 (Groundball, 13, EV 68.8 MPH)
Top of the 5th over - 0 runs, 1 hit, 0 errors, 0 left on base; Hagerstown 0 - Augusta 3
BOTTOM OF THE 5TH
Augusta GreenJackets batting - Pitching for Hagerstown Suns : RHP Luis Astudillo
Batting: LHB Ryan Anderson 0-0: Ball
1-0: Ball
2-0: Called Strike
2-1: Foul Ball, location: 2F
2-2: Strikes out swinging
Batting: RHB Jason Gregor 0-0: Reached on error, E1 (Groundball, 25, EV 70.6 MPH)
Batting: RHB Gabe Ochoa 0-0: Ball
1-0: Called Strike
1-1: Ball
2-1: Called Strike
2-2: Ball
3-2: Foul Ball, location: 2F
3-2: Strikes out swinging
Batting: LHB Josh Straub 0-0: Foul Ball, location: 2F
0-1: Foul Ball, location: 2F
0-2: Ground out 4-3 (Groundball, 4MS, EV 80.6 MPH)
Bottom of the 5th over - 0 runs, 0 hits, 1 error, 1 left on base; Hagerstown 0 - Augusta 3
TOP OF THE 6TH
Hagerstown Suns batting - Pitching for Augusta GreenJackets : RHP Pat Wiggins
Batting: RHB Seth Rutz 0-0: Ball
1-0: Ball
2-0: Swinging Strike
2-1: Fly out, F8 (Flyball, 89M, EV 90.0 MPH)
Batting: LHB Adam Jacobs 0-0: Called Strike
0-1: Foul Ball, location: 2F
0-2: Ball
1-2: Strikes out looking
Batting: RHB Antonio Morado 0-0: Called Strike
0-1: Ball
1-1: Ball
2-1: Foul Ball, location: 2F
2-2: SINGLE (Groundball, 6M, EV 87.5 MPH) (infield hit)
Batting: RHB Leo Gutierrez 0-0: Ball
Antonio Morado steals 2nd base
1-0: Swinging Strike
1-1: Called Strike
1-2: Ball
2-2: Strikes out swinging
Top of the 6th over - 0 runs, 1 hit, 0 errors, 1 left on base; Hagerstown 0 - Augusta 3
BOTTOM OF THE 6TH
Augusta GreenJackets batting - Pitching for Hagerstown Suns : RHP Luis Astudillo
Batting: RHB Cesar Martinez 0-0: Ball
1-0: Called Strike
1-1: Ball
2-1: Called Strike
2-2: SINGLE (Groundball, 6MD, EV 103.8 MPH)
Batting: LHB Cesar Arteaga 0-0: SINGLE (Groundball, 34D, EV 100.6 MPH)
Cesar Martinez to second
Runner from 2nd tries for 3rd, SAFE, throw by RF made to third
Batting: LHB David Ramirez 0-0: Foul Ball, location: 2F
0-1: Swinging Strike
0-2: Ball
1-2: Ball
2-2: Strikes out swinging
Batting: RHB Jonathan Reece 0-0: Foul Ball, location: 2F
0-1: Swinging Strike
0-2: Strikes out swinging
Batting: RHB Matt Shepard 0-0: 3-RUN HOME RUN (Flyball, 9LD, EV 96.2 MPH), Distance : 347 ft
Pitching: RHP Danny Hoekenga
Batting: LHB Ryan Anderson 0-0: Called Strike
0-1: Called Strike
0-2: Strikes out looking
Bottom of the 6th over - 3 runs, 3 hits, 0 errors, 0 left on base; Hagerstown 0 - Augusta 6
TOP OF THE 7TH
Hagerstown Suns batting - Pitching for Augusta GreenJackets : RHP Pat Wiggins
Batting: RHB Jesus Malave 0-0: Swinging Strike
0-1: SINGLE (Groundball, 56D, EV 98.1 MPH)
Batting: RHB Bryan Wheeler 0-0: Ball
Wild Pitch!
Jesus Malave to second
1-0: Ball
2-0: Called Strike
2-1: Fly out, F8 (Flyball, 8RD, EV 80.6 MPH)
Pitching: RHP Peter Ellis
Batting: RHB John Savard 0-0: Ball
1-0: Foul Ball, location: 2F
1-1: Called Strike
1-2: Ground out 6-3 (Groundball, 6, EV 103.1 MPH)
Batting: RHB Tylor Cyr 0-0: Called Strike
0-1: DOUBLE (Popup, 6D, EV 66.9 MPH)
Jesus Malave scores
Batting: LHB Bobby Adams 0-0: Ball
1-0: Foul Ball, location: 2F
1-1: Foul Ball, location: 2F
1-2: Foul Ball, location: 2F
1-2: Strikes out swinging
Top of the 7th over - 1 run, 2 hits, 0 errors, 1 left on base; Hagerstown 1 - Augusta 6
BOTTOM OF THE 7TH
Augusta GreenJackets batting - Pitching for Hagerstown Suns : RHP Danny Hoekenga
Batting: RHB Jason Gregor 0-0: Ball
1-0: Foul Ball, location: 2F
1-1: Ball
2-1: Ball
3-1: Swinging Strike
3-2: Strikes out swinging
Batting: RHB Gabe Ochoa 0-0: SINGLE (Groundball, 56D, EV 105.0 MPH)
Batting: LHB Josh Straub 0-0: Ball
Gabe Ochoa steals 2nd base
1-0: Foul Ball, location: 2F
1-1: Ground out 1-3 (Groundball, 13S, EV 66.9 MPH)
Gabe Ochoa to third
Batting: RHB Cesar Martinez 0-0: Ball
1-0: Ball
2-0: Called Strike
2-1: Ball
3-1: Base on Balls
Batting: LHB Cesar Arteaga 0-0: Foul Ball, location: 2F
0-1: Called Strike
Cesar Martinez steals 2nd, throwing error, E2
Gabe Ochoa scores
Cesar Martinez to third
0-2: Ball
1-2: Ball
2-2: Strikes out swinging
Bottom of the 7th over - 1 run, 1 hit, 1 error, 1 left on base; Hagerstown 1 - Augusta 7
TOP OF THE 8TH
Hagerstown Suns batting - Pitching for Augusta GreenJackets : RHP Peter Ellis
Batting: RHB Seth Rutz 0-0: Foul Ball, location: 2F
0-1: Ball
1-1: Ball
2-1: Called Strike
2-2: Foul Ball, location: 2F
2-2: Foul Ball, location: 2F
2-2: Strikes out looking
Batting: LHB Adam Jacobs 0-0: Swinging Strike
0-1: Ball
1-1: Swinging Strike
1-2: Foul Ball, location: 2F
1-2: Ground out U3 (Groundball, 34, EV 101.9 MPH)
Batting: RHB Antonio Morado 0-0: Fly out, F4 (Popup, 3DF, EV 53.1 MPH)
Top of the 8th over - 0 runs, 0 hits, 0 errors, 0 left on base; Hagerstown 1 - Augusta 7
BOTTOM OF THE 8TH
Augusta GreenJackets batting - Pitching for Hagerstown Suns : RHP Danny Hoekenga
Batting: LHB David Ramirez 0-0: Ball
1-0: Foul Ball, location: 2F
1-1: Ground out 6-3 (Groundball, P, EV 86.2 MPH)
Batting: RHB Jonathan Reece 0-0: Ball
1-0: Ground out 5-3 (Groundball, 5L, EV 83.8 MPH)
Batting: RHB Matt Shepard 0-0: Foul Ball, location: 2F
0-1: Swinging Strike
0-2: Foul Ball, location: 2F
0-2: Foul Ball, location: 2F
0-2: Foul Ball, location: 2F
0-2: Ball
1-2: Ball
2-2: Fly out, F9 (Line Drive, 89M, EV 89.4 MPH)
Bottom of the 8th over - 0 runs, 0 hits, 0 errors, 0 left on base; Hagerstown 1 - Augusta 7
TOP OF THE 9TH
Hagerstown Suns batting - Pitching for Augusta GreenJackets : RHP Peter Ellis
Batting: RHB Leo Gutierrez 0-0: Ball
1-0: Called Strike
1-1: Ball
2-1: Ball
3-1: Base on Balls
Batting: RHB Jesus Malave 0-0: Ball
Wild Pitch!
Leo Gutierrez to second
1-0: Ball
2-0: Called Strike
2-1: Foul Ball, location: 2F
2-2: Ball
3-2: Fly out, F6 (Flyball, 56D, EV 81.9 MPH)
Batting: RHB Bryan Wheeler 0-0: Ball
1-0: Swinging Strike
1-1: Fly out, F8 (Flyball, 78S, EV 80.6 MPH)
Batting: RHB John Savard 0-0: Called Strike
0-1: Foul Ball, location: 2F
0-2: Ball
1-2: Strikes out swinging
Top of the 9th over - 0 runs, 0 hits, 0 errors, 1 left on base; Hagerstown 1 - Augusta 7
Thursday, December 15th , 2022 - OOTP Baseball 23.9 Build 102